 Dungeon Crawl Stone Soup version 0.30-a0-160-gcfceee88d3 (webtiles) character file.

Game seed: 8601191731583375009

41 qw the Chopper (level 3, -12/23 HPs)
             Began as a Gargoyle Fighter on Sept 27, 2022.
             Mangled by a gnoll
             ... wielding a +1 whip of distortion
              (13 damage)
             ... on level 3 of the Dungeon.
             The game lasted 00:00:31 (1340 turns).

qw the Chopper (Gargoyle Fighter)                   Turns: 1340, Time: 00:00:32

Health: -12/23     AC: 11    Str: 18 (21) XL:     3   Next: 52%
Magic:  3/3        EV:  9    Int:  5 (8)  God:
Gold:   49         SH:  4    Dex:  6 (9)  Spells: 2/2 levels left

rFire   . . .      SeeInvis .    Y - +1 war axe
rCold   . . .      Faith    .    c - +0 buckler
rNeg    + . .      Spirit   .    b - +0 scale mail
rPois   inf        Reflect  .    j - +0 helmet
rElec   +          Harm     .    (no cloak)
rCorr   .          Rampage  .    (no gloves)
Will    .....                    (no boots)
Stlth   ..........               f - amulet of the acrobat
HPRegen 0.07/turn                (no ring)
MPRegen 0.08/turn                (no ring)

@: no status effects
A: sickness immunity, AC +3, negative energy resistance 1, electricity
resistance, torment resistance 1, petrification resistance
a: no special abilities


You were on level 3 of the Dungeon.
You visited 1 branch of the dungeon, and saw 3 of its levels.

You collected 49 gold pieces.


Innate Abilities, Weirdness & Mutations

You are immune to sickness and miasma.
Your stone body is resilient. (AC +3)
You are immune to poison.
You resist negative energy. (rN+)
You are resistant to electric shocks. (rElec)
You are resistant to unholy torment.
You are immune to petrification.


   Skills:
 - Level 3.2 Fighting
 + Level 3.4 Axes
 - Level 3.2 Armour
 - Level 3.2 Shields


You had 2 spell levels left.
You didn't know any spells.
Your spell library was empty.

Inventory:

Hand Weapons
 e - a +0 flail
 Y - a +1 war axe (weapon)
Armour
 b - a +0 scale mail (worn)
 c - a +0 buckler (worn)
 j - a +0 helmet (worn)
Jewellery
 f - an amulet of the acrobat (around neck)
Scrolls
 a - 2 scrolls of identify
 h - a scroll of immolation {unknown}
 k - 2 scrolls of noise {unknown}
Potions
 d - a potion of might
 g - a potion of mutation {unknown}
 i - a potion of berserk rage {unknown}

Dungeon Overview and Level Annotations

Branches:
Dungeon (3/15)

Altars:


Message History

There is an open door here.
A gnoll comes into view. It is wielding a +1 whip of distortion.
Found a scroll of enchant weapon.
The gnoll shouts!
The gnoll misses you. The gnoll closely misses you.
You hit the gnoll.
The gnoll is moderately wounded.
You hit the gnoll. The gnoll hits you but does no damage.
You block the gnoll's attack. The gnoll hits you but does no damage.
You hit the gnoll but do no damage.
The gnoll is moderately wounded.
You hit the gnoll. The gnoll barely misses you.
The gnoll hits you but does no damage. You block the gnoll's attack.
The gnoll barely misses you.
The gnoll hits you but does no damage. x2; You block the gnoll's attack.
You slash the gnoll!
You kill the gnoll!
You closely miss the gnoll. You slash the gnoll!
The gnoll closely misses you. x2; The gnoll barely misses you.
You closely miss the gnoll.
The gnoll is almost dead.
You hit the gnoll. The gnoll hits you but does no damage.
The gnoll barely misses you. The gnoll closely misses you.
You block the gnoll's attack. The gnoll hits you but does no damage.
Space warps horribly around you!
Ouch! That really hurt!
You hit the gnoll but do no damage.
The gnoll is almost dead.
You slash the gnoll! The gnoll barely misses you.
The gnoll hits you from afar with a +0 spear.
The gnoll hits you with a +1 whip of distortion.
You barely miss the gnoll.
The gnoll is almost dead.
You barely miss the gnoll.
The gnoll hits you with a +1 whip of distortion.
Space warps horribly around you!
Ouch! That really hurt!
You die...

#... #... #... #... ###
#... .... #... .....
#... ......##### #...
...(.g.@..# #...
......gg..###########...
.?........'.............
..........###########...
########### #... #...
#.## #.# #.#


You could see 3 gnolls.

Vanquished Creatures
  A gnoll (D:3)
  A worm (D:2)
  An orc (D:3)
  4 bats
  2 endoplasms
  2 giant cockroaches (D:1)
  2 hobgoblins (D:1)
  A kobold (D:1)
  3 quokkas (D:1)
  3 frilled lizards
  3 goblins (D:1)
  2 rats
25 creatures vanquished.

Vanquished Creatures (others)
  2 plants (D:1)
2 creatures vanquished.

Grand Total: 27 creatures vanquished

Notes
Turn   | Place    | Note
-------+----------+-------------------------------------------
     0 | D:1      | qw the Gargoyle Fighter began the quest for the Orb.
     0 | D:1      | Reached XP level 1. HP: 14/14 MP: 1/1
     0 | D:1      | 0 ||| qw: Version: 0.2-a-10-g37ed214
     0 | D:1      | 0 ||| qw: Game counter: 608
     0 | D:1      | 0 ||| qw: Always use a shield: true
     0 | D:1      | 0 ||| qw: God list: Okawaru
     0 | D:1      | 0 ||| qw: Allow faded altars: false
     0 | D:1      | 0 ||| qw: Do Orc after D:15 true
     0 | D:1      | 0 ||| qw: Do second Lair branch before Depths: true
     0 | D:1      | 0 ||| qw: Lair rune preference: random
     0 | D:1      | 0 ||| qw: Plans: Normal, Zot:1-4, God:TSO, Crypt, Tomb,
                  | Pan, Slime:5, Hells, Abyss, Orb
     0 | D:1      | 0 ||| PLANNING D:1-11
   235 | D:1      | Reached XP level 2. HP: 19/19 MP: 2/2
   238 | D:1      | 238 ||| Stepping ~*~*~tactically~*~*~ (stealth).
   239 | D:1      | 239 ||| Stepping ~*~*~tactically~*~*~ (stealth).
   432 | D:1      | 432 ||| Stepping ~*~*~tactically~*~*~ (stealth).
   433 | D:1      | 433 ||| Stepping ~*~*~tactically~*~*~ (stealth).
   898 | D:1      | 898 ||| UPGRADING to +0 helmet.
   903 | D:1      | 903 ||| READING 2 scrolls labelled VOGIXA VIANLA.
   904 | D:1      | 904 ||| READING scroll labelled PEVVOTOMUTT.
   918 | D:2      | 918 ||| STAIRDANCE
   958 | D:2      | 958 ||| STAIRDANCE
   961 | D:1      | Reached skill level 3 in Axes
   998 | D:2      | 998 ||| STAIRDANCE
  1107 | D:2      | Reached XP level 3. HP: 17/23 MP: 3/3
  1211 | D:2      | You fall into a shaft and drop 1 floor!
  1224 | D:3      | 1224 ||| Stepping ~*~*~tactically~*~*~ (stealth).
  1229 | D:3      | 1229 ||| Stepping ~*~*~tactically~*~*~ (stealth).
  1253 | D:3      | 1253 ||| UPGRADING to amulet of the acrobat.
  1258 | D:3      | 1258 ||| READING scroll labelled HIMPEH OCRYSI.
  1262 | D:3      | 1262 ||| DRINKING 2 emerald potions.
  1263 | D:3      | 1263 ||| DROPPING potion of degeneration.
  1339 | D:3      | HP: 3/23 [gnoll/+1 whip of distortion (5)]
  1340 | D:3      | HP: 1/23 [gnoll/+1 whip of distortion (2)]
  1340 | D:3      | Mangled by a gnoll

Levels and vault maps discovered:
D:1:      nagdon_arrival_zigzag_paths, layout_loops_ring, serial_bayou,
          serial_bayou_pond_a, serial_bayou_ford_a, serial_bayou_shore_b,
          serial_bayou_pond_e, serial_bayou_pond_e
D:2:      layout_basic, chequers_ecumenical_altar_simple_redux
D:3:      layout_basic, serial_shops, nicolae_shop_trees

Skill      XL: |  1  2 |
---------------+-------+-----
Axes           | 2 3 |  3.4
Fighting       | |  3.2
Armour         | |  3.2
Shields        | |  3.2

Action                   || total
-------------------------++-------
Melee: War axe           ||   109
  Use: Scroll            ||     3
       Potion            ||     1
 Stab: Distracted        ||     1
Armor: Scale mail        ||    57
Dodge: Dodged            ||    46
Block: Buckler           ||    27

Table legend:
 A = Non-vault XP
 B = Vault XP
 C = Vault XP percentage of total XP
 D = Non-vault monster count
 E = Vault monster count
 F = Vault count percentage of total count
                 A         B        C        D         E       F
            +---------+---------+-------+---------+---------+-------
      Total |      59 |       0 |   0.0 |      25 |       0 |   0.0
            +---------+---------+-------+---------+---------+-------
        D:1 |      30 |       0 |   0.0 |      17 |       0 |   0.0
        D:2 |       8 |       0 |   0.0 |       4 |       0 |   0.0
        D:3 |      21 |       0 |   0.0 |       4 |       0 |   0.0
            +---------+---------+-------+---------+---------+-------
